Description

This Build is a beginning Build i was taught because I'm a new player . This Build only applies to TvT. The opening is set and can't be changed unless you're being cheesed. I would say until you get your 3rd Hellion out you must perform this Build. Scout then and choose wether or not you want to keep the pressure up with more Reapers and Hellions. If you don't want to do that you could approach the game in a more economical way and go bio tank or mech. This Build focusses on Bio Tank.

Build Order

Get SALT Encoding   

  12  0:01  SCV  
  14  0:19  Supply Depot  At Ramp
  15  0:30  Refinery  
  16  0:46  Barracks  
  17  0:57  Refinery  
  20  1:36  Factory  Pull SCV's off Gas so 1/3 are mining
  20  1:38   Reaper  
  20  1:38  Orbital Command  
  20  1:58  Supply Depot  Wall off
  22  2:10  Reaper  
  25  2:20  Hellion  
  26  2:30  Command Center  
  27  2:40  Action  Saturate Gasses again
  29  2:45  Reaper, Supply Depot, Hellion  
  31  3:00  Starport  
  31  3:11  Factory Tech Lab  
  32  3:20  Barracks Reactor  
  36  3:34  Siege Tank  
  39  3:42  Viking  
  30  3:51  Orbital Command  
  42  3:57  Marine x2  
  42  4:10  Supply Depot  
  1  4:30  Barracks, Starport Reactor  
  1  5:19  Barracks Tech Lab, Barracks Reactor  
  1  5:45  Stimpack  
  1  5:50   Refinery x2  
  1  5:50  Engineering Bay x2  
  1  6:00  Command Center  
Spawning Tool Build Advisor. Get it on Overwolf

Go to:

Details

  • Created by: JWizzly
  • Published on: Jun 05, 2019
  • Modified on: Jun 05, 2019
  • Patch: 4.7.1
Show
View Real Time Build Order
Export as new Build Order

Comments (0)

There are no comments. Be the first!

Create an account to comment!